 Dungeon Crawl Stone Soup version 0.28.0 (webtiles) character file.

Game seed: 9013597714794002283

405 styxcanada the Covert (level 6, -21/32 HPs)
             Began as a Spriggan Brigand on Feb 6, 2022.
             Killed from afar by an acid dragon (23 damage)
             ... with a splash of acid
             ... on level 5 of the Dungeon.
             The game lasted 00:11:08 (4417 turns).

styxcanada the Covert (Spriggan Brigand)            Turns: 4417, Time: 00:11:08

Health: -21/32     AC:  3    Str:  7    XL:     6   Next: 56%
Magic:  10/10      EV: 18    Int: 12    God:
Gold:   159        SH:  0    Dex: 19    Spells: 9/9 levels left

rFire   . . .      SeeInvis +   l - +2 dagger (venom)
rCold   . . .      Faith    .   (no shield)
rNeg    . . .      Spirit   .   b - +0 robe
rPois   .          Reflect  .   (helmet restricted)
rElec   .          Harm     .   c - +0 cloak
rCorr   .          Rampage  .   (gloves unavailable)
Will    +....                   (boots unavailable)
Stlth   ++++......              (no amulet)
HPRegen 0.10/turn               (no ring)
MPRegen 0.12/turn               (no ring)

@: very quick
A: very small, no large weapons, unfitting armour, see invisible, speed 3
a: no special abilities


You were on level 5 of the Dungeon.
You visited 1 branch of the dungeon, and saw 5 of its levels.

You collected 159 gold pieces.

Inventory:

Hand Weapons
 a - a +2 dagger
 j - a +1 dagger of freezing
 l - a +2 dagger of venom (weapon)
 n - a +2 dagger of protection
Missiles
 d - 4 poisoned darts (quivered)
 e - 2 curare-tipped darts
 f - 72 stones
 i - 2 boomerangs
 k - 23 sling bullets
Armour
 b - a +0 robe (worn)
 c - a +0 cloak (worn)
Scrolls
 m - a scroll of summoning {unknown}
 o - 2 scrolls of vulnerability {unknown}
 r - a scroll of amnesia {unknown}
Potions
 p - a potion of curing {unknown}
 q - 2 potions of brilliance {unknown}


   Skills:
 * Level 2.5 Fighting
 + Level 3.2 Short Blades
 + Level 2.5 Throwing
 * Level 3.5 Dodging
 * Level 9.1 Stealth
 * Level 2.4 Spellcasting


You had 9 spell levels left.
You didn't know any spells.
Your spell library contained the following spells:

 Spells                   Type           Power      Damage    Failure   Level
 Call Canine Familiar     Summ           1%         N/A       61%         3
 Gell's Gravitas          Tloc           1%         N/A       61%         3
 Lesser Beckoning         Tloc           1%         N/A       61%         3
 Portal Projectile        Hex/Tloc       2%         N/A       61%         3
 Teleport Other           Tloc           1%         N/A       61%         3
 Leda's Liquefaction      Hex/Erth       0%         N/A       95%         4


Dungeon Overview and Level Annotations

Branches:
Dungeon (4/15)
 Temple: D:4-7

Altars:

Shops:
D:3 :


Innate Abilities, Weirdness & Mutations

You are very small and have problems with some larger weapons.
You are too small for most types of armour.
You have supernaturally acute eyesight. (SInv)
You cover ground extremely quickly. (Speed+++)


Message History

You see here a hobgoblin corpse.
You see here a +0 club.
You see here 20 arrows.
Done exploring.
(D) Dungeon
Where to? (Enter - D:3, ? - help)
What level of the Dungeon? (default 1, ? - help)
There is a stone staircase leading down here.
You climb downwards.
Found 12 gold pieces.
Found an escape hatch in the ceiling.
There is a stone staircase leading up here.
You now have 159 gold pieces (gained 12).
A sourceless malevolence fills the Dungeon...
You fall into a shaft and drop 1 floor!
The shaft crumbles and collapses.
An acid dragon and an iguana come into view.
The helpless iguana fails to defend itself.
You perforate the iguana like a sieve!!!
You kill the iguana!
The acid dragon roars!
The acid dragon bites you! The acid dragon misses you.
You hit the acid dragon but do no damage.
The acid dragon bites you. The acid dragon claws you.
You barely miss the acid dragon.
You hit the acid dragon but do no damage.
Your punch misses the acid dragon. The acid dragon bites you.
The acid dragon claws you but does no damage.
You hit the acid dragon but do no damage.
The acid dragon spits acid at you. The splash of acid misses you.
You hit the acid dragon.
The acid dragon is lightly wounded.
The acid dragon bites you.
* * * LOW HITPOINT WARNING * * *
The acid dragon claws you.
* * * LOW HITPOINT WARNING * * *
The acid dragon spits acid at you. The splash of acid hits you!!
Ouch! That really hurt!
You die...

###########
..........#
#.......#
#.######.......#####
.......@..D........#
#.##..##.......###.#
#. #....†..# ..
#.......# .#
####.#### # #.# #.#
... #


You could see an acid dragon (catching breath).

Vanquished Creatures
  Sigmund (D:3)
  An ogre (D:3)
  An orc priest (D:3)
  An iguana (D:5)
  4 adders
  3 worms
  2 dart slugs
  4 orcs (D:3)
  3 bats
  9 endoplasms
  A giant cockroach (D:2)
  5 goblins
  3 hobgoblins
  6 jackals
  3 quokkas
  3 ball pythons
  8 frilled lizards
  5 kobolds
  A rat (D:1)
64 creatures vanquished.

Notes
Turn   | Place    | Note
-------+----------+-------------------------------------------
     0 | D:1      | styxcanada the Spriggan Brigand began the quest for the
                  | Orb.
     0 | D:1      | Reached XP level 1. HP: 10/10 MP: 2/2
    35 | D:1      | Reached skill level 6 in Stealth
   420 | D:1      | Reached XP level 2. HP: 14/14 MP: 3/3
  1134 | D:2      | Reached skill level 7 in Stealth
  1266 | D:2      | Reached XP level 3. HP: 17/18 MP: 4/4
  2206 | D:2      | Reached skill level 1 in Spellcasting
  2575 | D:3      | Reached XP level 4. HP: 23/23 MP: 6/6
  2805 | D:3      | Found Cit Kuj's Book Emporium.
  3289 | D:3      | Reached skill level 8 in Stealth
  3664 | D:3      | Noticed Sigmund
  3671 | D:3      | Killed Sigmund
  3672 | D:3      | Reached XP level 5. HP: 27/27 MP: 6/9
  3672 | D:3      | Reached XP level 6. HP: 31/31 MP: 6/10
  4074 | D:3      | Reached skill level 9 in Stealth
  4403 | D:4      | You fall into a shaft and drop 1 floor!
  4403 | D:5      | Entered Level 5 of the Dungeon
  4403 | D:5      | Noticed an acid dragon
  4417 | D:5      | Killed from afar by an acid dragon

Illustrated notes

Levels and vault maps discovered:
D:1:      lemuel_arrival_river_ford, layout_loops_ring
D:2:      layout_basic, minmay_lizard_pond
D:3:      layout_basic, serial_shops, nicolae_shop_behind_doors,
          glass_columns_a, uniq_sigmund
D:4:      layout_basic, uniq_menkaure, uniq_crazy_yiuf_cottage
D:5:      layout_loops_ring, chequers_temple_overflow_minitemple,
          minmay_temple_entry_trees

Skill      XL: |  1  2  3  4  5  6 |
---------------+-------------------+-----
Stealth        | 6 7 8 9 |  9.1
Dodging        | 2 3 |  3.5
Spellcasting   | 1 2 |  2.4
Fighting       | 2 |  2.5
Short Blades   | 3 |  3.2
Throwing       | |  2.5

Action                   |  1- 3 |  4- 6 || total
-------------------------+-------+-------++-------
Melee: Dagger            |    96 |    61 ||   157
Throw: Dart              |     4 |    16 ||    20
       Stone             |       |     2 ||     2
  Use: Scroll            |       |     1 ||     1
 Stab: Sleeping          |    17 |     3 ||    20
       Distracted        |     1 |       ||     1
Armor: Robe              |    15 |     3 ||    18
Dodge: Dodged            |    62 |    28 ||    90
